 Dungeon Crawl Stone Soup version 0.27.1-34-g3ba077fa99 (webtiles) character file.

Game seed: 10150246983524582379

1 soggyman666 the Shield-Bearer (level 1, -15/23 HPs)
             Began as a Gnoll Fighter on Jan 24, 2022.
             Demolished by a goblin (18 damage)
             ... on level 1 of the Dungeon.
             The game lasted 00:00:09 (53 turns).

soggyman666 the Shield-Bearer (Gnoll Fighter)         Turns: 53, Time: 00:00:14

Health: -15/23     AC:  7    Str: 15    XL:     1   Next: 20%
Magic:  1/1        EV:  7    Int:  7    God:
Gold:   0          SH: 10    Dex: 11    Spells: 0/0 levels left

rFire    . . .     SeeInvis .   a - +0 war axe
rCold    . . .     Faith    .   c - +0 kite shield
rNeg     . . .     Spirit   .   b - +0 scale mail
rPois    .         Reflect  .   (no helmet)
rElec    .         Harm     .   (no cloak)
rCorr    .         Rampage  .   (no gloves)
Will     .....                  (no boots)
Stlth    ..........             (no amulet)
HPRegen  0.07/turn              (no ring)
MPRegen  0.07/turn              (no ring)

@: no status effects
A: fangs 1, strong nose, distributed training
a: no special abilities


You were on level 1 of the Dungeon.
You visited 1 branch of the dungeon, and saw 1 of its levels.

Inventory:

Hand Weapons
 a - a +0 war axe (weapon)
Armour
 b - a +0 scale mail (worn)
 c - a +0 kite shield (worn)
Scrolls
 e - 2 scrolls of teleportation {unknown}
Potions
 d - a potion of might


   Skills:
 + Level 6.4 Fighting
 + Level 0.0 Short Blades
 + Level 0.0 Long Blades
 + Level 4.4 Axes
 + Level 0.0 Maces & Flails
 + Level 0.0 Polearms
 + Level 0.0 Staves
 + Level 0.0 Slings
 + Level 0.0 Bows
 + Level 0.0 Crossbows
 + Level 0.0 Throwing
 + Level 6.4 Armour
 + Level 0.0 Dodging
 + Level 0.0 Stealth
 + Level 6.4 Shields
 + Level 0.0 Unarmed Combat
 + Level 0.0 Spellcasting
 + Level 0.0 Conjurations
 + Level 0.0 Hexes
 + Level 0.0 Summonings
 + Level 0.0 Necromancy
 + Level 0.0 Translocations
 + Level 0.0 Transmutations
 + Level 0.0 Fire Magic
 + Level 0.0 Ice Magic
 + Level 0.0 Air Magic
 + Level 0.0 Earth Magic
 + Level 0.0 Poison Magic
 + Level 0.0 Invocations
 + Level 0.0 Evocations


You couldn't memorise any spells.
You didn't know any spells.
Your spell library was empty.

Dungeon Overview and Level Annotations

Branches:
Dungeon (1/15)

Altars:


Innate Abilities, Weirdness & Mutations

You have very sharp teeth.
Your uncanny sense of smell can sniff out nearby items.
Your experience applies equally to all skills.


Message History

You block the ball python's attack. The ball python grabs you.
The ball python constricts you.
Your shield and scale mail prevent you from hitting the ball python.
The ball python barely misses you. The ball python constricts you.
You closely miss the ball python. You block the ball python's attack.
The ball python constricts you. You block the ball python's attack.
The ball python constricts you.
You hit the ball python.
The ball python is heavily wounded.
The ball python bites you but does no damage.
The ball python constricts you.
The ball python bites you but does no damage.
The ball python constricts you.
You slash the ball python!
You kill the ball python!
No target in view!
No target in view!
HP restored.
e - 2 scrolls labelled SIOREAR SO BIDGH
Found a robe.
Found 7 gold pieces.
A goblin comes into view.
It is wielding a +0 dagger of electrocution.
The goblin shouts!
You see here 6 gold pieces.
You don't know any spells.
Unknown command.
A goblin is nearby!
A goblin is nearby!
A goblin is nearby!
A goblin is nearby!
Found 15 arrows and a scroll labelled WITROO GASSYSOC.
You block the goblin's attack.
You hit the goblin.
The goblin is heavily wounded.
The goblin hits you but does no damage.
You are electrocuted!!
Ouch! That really hurt!
* * * LOW HITPOINT WARNING * * *
The goblin hits you but does no damage.
You are electrocuted!!
Ouch! That really hurt!
You die...

#..#### .#
#...?.# .#
##...#.##.#
.#.........
..(...$.#.###..
............#
.. #...g..###
#.. #..@#..[.#
....####.....#
#..#.......##
##.....$...##
#..........#
#..........#
#..........#
#..........#
#.......†..# #+


You could see a goblin.

Vanquished Creatures
  A ball python (D:1)
1 creature vanquished.

Notes
Turn   | Place    | Note
-------+----------+-------------------------------------------
     0 | D:1      | soggyman666 the Gnoll Fighter began the quest for the Orb.
     0 | D:1      | Reached XP level 1. HP: 23/23 MP: 1/1
    53 | D:1      | Demolished by a goblin

Illustrated notes

Levels and vault maps discovered:
D:1:      minmay_arrival_doors, layout_rooms, hangedman_decor_growths

Action                   || total
-------------------------++-------
Melee: War axe           ||     5
Armor: Scale mail        ||     4
Dodge: Dodged            ||     1
Block: Kite shield       ||     4
